| TOP OF THE 1ST |
|
Stockton Ports batting - Pitching for Fresno Grizzlies : RHP Luis DeLeon
|
|
Pitching: RHP Luis DeLeon
|
|
|
Batting: RHB Ramon Valdez
|
0-0: Ball 1-0: Called Strike 1-1: Called Strike 1-2: Foul Ball, location: 2F 1-2: Strikes out swinging
|
|
Batting: RHB Pasquale Raimondo
|
0-0: Foul Ball, location: 2F 0-1: Ball 1-1: Fly out, F7 (Line Drive, 7, EV 103.8 MPH)
|
|
Batting: RHB Mark Jurena
|
0-0: Ground out 6-3 (Groundball, 56, EV 109.4 MPH)
|
| Top of the 1st over - 0 runs, 0 hits, 0 errors, 0 left on base; Stockton 0 - Fresno 0 |
| BOTTOM OF THE 1ST |
|
Fresno Grizzlies batting - Pitching for Stockton Ports : RHP Bryn Smith
|
|
Pitching: RHP Bryn Smith
|
|
|
Batting: SHB Steve Jeltz
|
0-0: Ball 1-0: Ball 2-0: Ball 3-0: Base on Balls
|
|
Batting: RHB Tom Johnson
|
0-0: Ball 1-0: Called Strike 1-1: Ball 2-1: Foul Ball, location: 2F 2-2: SINGLE (Groundball, 34D, EV 99.4 MPH) Steve Jeltz to second Runner from 2nd tries for 3rd, OUT! 9-5
|
|
Batting: RHB Chris Fernandez
|
0-0: Ball 1-0: Ground out 6-3 (Groundball, 6M, EV 91.9 MPH) Tom Johnson to second
|
|
Batting: RHB Mike Jirschele
|
0-0: Ball 1-0: Foul Ball, location: 2F 1-1: SINGLE (Flyball, 89S, EV 85.6 MPH) Tom Johnson to third Runner from 3rd tries for Home, SAFE, no throw by RF
|
|
Batting: RHB Emilio Carrasquel
|
0-0: Called Strike 0-1: Called Strike 0-2: Fielders Choice at 2nd, 6-4 (Groundball, 6, EV 100.0 MPH)
|
| Bottom of the 1st over - 1 run, 2 hits, 0 errors, 1 left on base; Stockton 0 - Fresno 1 |
| TOP OF THE 2ND |
|
Stockton Ports batting - Pitching for Fresno Grizzlies : RHP Luis DeLeon
|
|
Batting: SHB Pete Leppert
|
0-0: Ball 1-0: Ball 2-0: Called Strike 2-1: Ground out 6-3 (Groundball, 6D, EV 82.5 MPH)
|
|
Batting: RHB Eddie Lee
|
0-0: Ball 1-0: Fly out, F6 (Popup, 4M, EV 70.0 MPH)
|
|
Batting: SHB Mike Hennessy
|
0-0: SINGLE (Line Drive, 7S, EV 86.3 MPH)
|
|
Batting: RHB Rodney Hudson
|
0-0: Ball 1-0: Ball 2-0: Foul Ball, location: 2F 2-1: Foul Ball, location: 2F 2-2: Strikes out swinging
|
| Top of the 2nd over - 0 runs, 1 hit, 0 errors, 1 left on base; Stockton 0 - Fresno 1 |
| BOTTOM OF THE 2ND |
|
Fresno Grizzlies batting - Pitching for Stockton Ports : RHP Bryn Smith
|
|
Batting: LHB Bryon Horn
|
0-0: Called Strike 0-1: Ball 1-1: Ball 2-1: Ball 3-1: Foul Ball, location: 2F 3-2: Foul Ball, location: 2F 3-2: Base on Balls
|
|
Batting: RHB Clifton Wilder
|
0-0: Ball 1-0: Fly out, F6 (Popup, 6M, EV 55.6 MPH)
|
|
Batting: RHB Ivan Mesa
|
0-0: Ball 1-0: Called Strike 1-1: Fielders Choice at 2nd, 1-4 (Groundball, P, EV 75.0 MPH)
|
|
Batting: LHB Jose Rivera
|
0-0: Ball 1-0: Ball 2-0: Called Strike 2-1: Foul Ball, location: 2F 2-2: Strikes out swinging
|
| Bottom of the 2nd over - 0 runs, 0 hits, 0 errors, 1 left on base; Stockton 0 - Fresno 1 |
| TOP OF THE 3RD |
|
Stockton Ports batting - Pitching for Fresno Grizzlies : RHP Luis DeLeon
|
|
Batting: RHB Timothy Presko
|
0-0: Ball 1-0: Fly out, F9 (Flyball, 9S, EV 86.3 MPH)
|
|
Batting: RHB Erik Peterson
|
0-0: Ball 1-0: Called Strike 1-1: Called Strike 1-2: Fly out, F7 (Flyball, 78S, EV 81.9 MPH)
|
|
Batting: RHB Ramon Valdez
|
0-0: Swinging Strike 0-1: Called Strike 0-2: Strikes out swinging
|
| Top of the 3rd over - 0 runs, 0 hits, 0 errors, 0 left on base; Stockton 0 - Fresno 1 |
| BOTTOM OF THE 3RD |
|
Fresno Grizzlies batting - Pitching for Stockton Ports : RHP Bryn Smith
|
|
Batting: SHB Steve Jeltz
|
0-0: Ball 1-0: Ground out U3 (Groundball, 3, EV 89.4 MPH)
|
|
Batting: RHB Tom Johnson
|
0-0: Ball 1-0: Called Strike 1-1: Ball 2-1: Foul Ball, location: 2F 2-2: Foul Ball, location: 2F 2-2: Ball 3-2: Foul Ball, location: 2F 3-2: SINGLE (Flyball, 89S, EV 90.0 MPH)
|
|
Batting: RHB Chris Fernandez
|
0-0: Foul Ball, location: 2F 0-1: Ball 1-1: Ball 2-1: Ball 3-1: Called Strike 3-2: Strikes out swinging
|
|
Batting: RHB Mike Jirschele
|
0-0: Ball Tom Johnson is caught stealing 2nd base 2-4
|
| Bottom of the 3rd over - 0 runs, 1 hit, 0 errors, 0 left on base; Stockton 0 - Fresno 1 |
| TOP OF THE 4TH |
|
Stockton Ports batting - Pitching for Fresno Grizzlies : RHP Luis DeLeon
|
|
Batting: RHB Pasquale Raimondo
|
0-0: Called Strike 0-1: Ball 1-1: TRIPLE (Flyball, 9LD, EV 96.3 MPH)
|
|
Batting: RHB Mark Jurena
|
0-0: Called Strike 0-1: Ball 1-1: Foul Ball, location: 2F 1-2: Fly out, F8 (Flyball, 8LD, EV 95.6 MPH) Runner from 3rd tags up, SCORES, no throw by CF
|
|
Batting: SHB Pete Leppert
|
0-0: Foul Ball, location: 2F 0-1: Ball 1-1: Ball 2-1: Ball 3-1: Foul Ball, location: 2F 3-2: Foul Ball, location: 2F 3-2: DOUBLE (Groundball, 3L, EV 103.8 MPH)
|
|
Batting: RHB Eddie Lee
|
0-0: Ball 1-0: Called Strike 1-1: Called Strike 1-2: Ball 2-2: Foul Ball, location: 2F 2-2: SINGLE (Line Drive, 9LM, EV 102.5 MPH) Pete Leppert to third Runner from 3rd tries for Home, SAFE, no throw by RF
|
|
Batting: SHB Mike Hennessy
|
0-0: Ball 1-0: Ball 2-0: Foul Ball, location: 2F 2-1: Swinging Strike 2-2: Strikes out swinging
|
|
Batting: RHB Rodney Hudson
|
0-0: Ball 1-0: Ball 2-0: Called Strike 2-1: Ball 3-1: Foul Ball, location: 2F 3-2: Strikes out swinging
|
| Top of the 4th over - 2 runs, 3 hits, 0 errors, 1 left on base; Stockton 2 - Fresno 1 |
| BOTTOM OF THE 4TH |
|
Fresno Grizzlies batting - Pitching for Stockton Ports : RHP Bryn Smith
|
|
Batting: RHB Mike Jirschele
|
0-0: Ball 1-0: Reached on error, E5 (Groundball, 56, EV 81.9 MPH)
|
|
Batting: RHB Emilio Carrasquel
|
0-0: Ball 1-0: Ball 2-0: Called Strike 2-1: Foul Ball, location: 2F 2-2: Grounds into double play, 5-4-3 (Groundball, 56, EV 86.3 MPH)
|
|
Batting: LHB Bryon Horn
|
0-0: Foul Ball, location: 2F 0-1: Ball 1-1: Ball 2-1: Foul Ball, location: 2F 2-2: Foul Ball, location: 2F 2-2: Foul Ball, location: 2F 2-2: Foul Ball, location: 2F 2-2: Foul Ball, location: 2F 2-2: DOUBLE (Line Drive, 9LM, EV 90.6 MPH)
|
|
Batting: RHB Clifton Wilder
|
0-0: Ball 1-0: Foul Ball, location: 2F 1-1: Foul Ball, location: 2F 1-2: Strikes out swinging
|
| Bottom of the 4th over - 0 runs, 1 hit, 1 error, 1 left on base; Stockton 2 - Fresno 1 |
| TOP OF THE 5TH |
|
Stockton Ports batting - Pitching for Fresno Grizzlies : RHP Luis DeLeon
|
|
Batting: RHB Timothy Presko
|
0-0: Bunt missed! 0-1: Ball 1-1: Called Strike 1-2: Fly out, F2 (Popup, 2LF, EV 46.3 MPH)
|
|
Batting: RHB Erik Peterson
|
0-0: Foul Ball, location: 2F 0-1: Hit by Pitch
|
|
Batting: RHB Ramon Valdez
|
0-0: Ball 1-0: Ball 2-0: Fly out, F8 (Flyball, 8LM, EV 85.0 MPH)
|
|
Batting: RHB Pasquale Raimondo
|
0-0: Fly out, F9 (Flyball, 9D, EV 83.1 MPH)
|
| Top of the 5th over - 0 runs, 0 hits, 0 errors, 1 left on base; Stockton 2 - Fresno 1 |
| BOTTOM OF THE 5TH |
|
Fresno Grizzlies batting - Pitching for Stockton Ports : RHP Bryn Smith
|
|
Batting: RHB Ivan Mesa
|
0-0: Ball 1-0: Ground out 5-3 (Groundball, 56S, EV 81.9 MPH)
|
|
Batting: LHB Jose Rivera
|
0-0: Ball 1-0: Foul Ball, location: 2F 1-1: Ball 2-1: Ball 3-1: Base on Balls
|
|
Batting: SHB Steve Jeltz
|
0-0: Ball 1-0: Called Strike 1-1: Grounds into double play, 4-6-3 (Groundball, 4, EV 105.0 MPH)
|
| Bottom of the 5th over - 0 runs, 0 hits, 0 errors, 0 left on base; Stockton 2 - Fresno 1 |
| TOP OF THE 6TH |
|
Stockton Ports batting - Pitching for Fresno Grizzlies : RHP Luis DeLeon
|
|
Batting: RHB Mark Jurena
|
0-0: Ball 1-0: Foul Ball, location: 2F 1-1: Ball 2-1: Fly out, F8 (Flyball, 78M, EV 91.3 MPH)
|
|
Batting: SHB Pete Leppert
|
0-0: Ball 1-0: Ball 2-0: Ball 3-0: Called Strike 3-1: Foul Ball, location: 2F 3-2: Fly out, F7 (Flyball, 7LM, EV 83.1 MPH)
|
|
Batting: RHB Eddie Lee
|
0-0: Called Strike 0-1: Ball 1-1: Foul Ball, location: 2F 1-2: Foul Ball, location: 2F 1-2: Foul Ball, location: 2F 1-2: Ground out 4-3 (Groundball, 4, EV 90.6 MPH)
|
| Top of the 6th over - 0 runs, 0 hits, 0 errors, 0 left on base; Stockton 2 - Fresno 1 |
| BOTTOM OF THE 6TH |
|
Fresno Grizzlies batting - Pitching for Stockton Ports : RHP Bryn Smith
|
|
Batting: RHB Tom Johnson
|
0-0: Called Strike 0-1: Foul Ball, location: 2F 0-2: Strikes out swinging
|
|
Batting: RHB Chris Fernandez
|
0-0: Swinging Strike 0-1: Called Strike 0-2: Foul Ball, location: 2F 0-2: Ball 1-2: Fly out, F9 (Line Drive, 9, EV 90.6 MPH)
|
|
Batting: RHB Mike Jirschele
|
0-0: Ball 1-0: Called Strike 1-1: Swinging Strike 1-2: Ball 2-2: Ball 3-2: Base on Balls
|
|
Batting: RHB Emilio Carrasquel
|
0-0: Ball 1-0: Hit by Pitch Mike Jirschele to second
|
|
Batting: LHB Bryon Horn
|
0-0: Ball 1-0: Swinging Strike 1-1: Swinging Strike 1-2: Ball 2-2: Ball 3-2: SINGLE (Groundball, 6M, EV 96.9 MPH) (infield hit) Mike Jirschele to third Emilio Carrasquel to second
|
|
Batting: RHB Clifton Wilder
|
0-0: Ball 1-0: Ball 2-0: Called Strike 2-1: Fly out, F7 (Flyball, 7LD, EV 94.4 MPH)
|
| Bottom of the 6th over - 0 runs, 1 hit, 0 errors, 3 left on base; Stockton 2 - Fresno 1 |
| TOP OF THE 7TH |
|
Stockton Ports batting - Pitching for Fresno Grizzlies : RHP Luis DeLeon
|
|
Batting: SHB Mike Hennessy
|
0-0: Foul Ball, location: 2F 0-1: Ball 1-1: Foul Ball, location: 2F 1-2: Fly out, F6 (Popup, 6D, EV 67.5 MPH)
|
|
Batting: RHB Rodney Hudson
|
0-0: SINGLE (Line Drive, 6MD, EV 96.3 MPH)
|
|
Batting: RHB Timothy Presko
|
0-0: Called Strike 0-1: Ball 1-1: Ball 2-1: Fly out, F3 (Popup, 3SF, EV 68.1 MPH)
|
|
Pitching: LHP Steven King
|
|
|
Batting: RHB Erik Peterson
|
0-0: Ground out 1-3 (Groundball, 13, EV 81.9 MPH)
|
| Top of the 7th over - 0 runs, 1 hit, 0 errors, 1 left on base; Stockton 2 - Fresno 1 |
| BOTTOM OF THE 7TH |
|
Fresno Grizzlies batting - Pitching for Stockton Ports : RHP Bryn Smith
|
|
Batting: RHB Ivan Mesa
|
0-0: Ball 1-0: Ground out 4-3 (Groundball, 4, EV 86.3 MPH)
|
|
Batting: LHB Jose Rivera
|
0-0: Ball 1-0: Called Strike 1-1: SINGLE (Groundball, 4D, EV 96.9 MPH)
|
|
Batting: SHB Steve Jeltz
|
0-0: Ball 1-0: Swinging Strike 1-1: Called Strike 1-2: Strikes out swinging
|
|
Pinch Hitting: LHB William Metil
|
0-0: Fielders Choice at 2nd, 5-4 (Groundball, 5, EV 87.5 MPH)
|
| Bottom of the 7th over - 0 runs, 1 hit, 0 errors, 1 left on base; Stockton 2 - Fresno 1 |
| TOP OF THE 8TH |
|
Stockton Ports batting - Pitching for Fresno Grizzlies : LHP Steven King
|
|
Now in LF: Donald Johnson
|
|
|
Batting: RHB Ramon Valdez
|
0-0: Ball 1-0: Swinging Strike 1-1: Swinging Strike 1-2: Fly out, F6 (Flyball, 56D, EV 78.8 MPH)
|
|
Batting: RHB Pasquale Raimondo
|
0-0: Foul Ball, location: 2F 0-1: Ball 1-1: Ball 2-1: Foul Ball, location: 2F 2-2: Foul Ball, location: 2F 2-2: Ball 3-2: SINGLE (Groundball, 4MD, EV 106.3 MPH)
|
|
Batting: RHB Mark Jurena
|
0-0: Called Strike 0-1: Ball 1-1: Ball 2-1: Foul Ball, location: 2F 2-2: Fly out, F8 (Line Drive, 8LM, EV 99.4 MPH)
|
|
Batting: SHB Pete Leppert
|
0-0: Ball 1-0: Ball 2-0: Called Strike 2-1: Called Strike 2-2: Foul Ball, location: 2F 2-2: Ground out U3 (Groundball, 3, EV 101.3 MPH)
|
| Top of the 8th over - 0 runs, 1 hit, 0 errors, 1 left on base; Stockton 2 - Fresno 1 |
| BOTTOM OF THE 8TH |
|
Fresno Grizzlies batting - Pitching for Stockton Ports : RHP Bryn Smith
|
|
Batting: RHB Chris Fernandez
|
0-0: Called Strike 0-1: SOLO HOME RUN (Flyball, 78XD, EV 96.9 MPH), Distance : 412 ft
|
|
Batting: RHB Mike Jirschele
|
0-0: Ground out 4-3 (Groundball, 4M, EV 82.5 MPH)
|
|
Batting: RHB Emilio Carrasquel
|
0-0: Ball 1-0: Ball 2-0: Foul Ball, location: 2F 2-1: Ground out U3 (Groundball, 3L, EV 84.4 MPH)
|
|
Batting: LHB Bryon Horn
|
0-0: Ball 1-0: Swinging Strike 1-1: Foul Ball, location: 2F 1-2: Ball 2-2: Strikes out swinging
|
| Bottom of the 8th over - 1 run, 1 hit, 0 errors, 0 left on base; Stockton 2 - Fresno 2 |
| TOP OF THE 9TH |
|
Stockton Ports batting - Pitching for Fresno Grizzlies : LHP Steven King
|
|
Pitching: RHP Chuck McKinney
|
|
|
Batting: RHB Eddie Lee
|
0-0: Ball 1-0: Ball 2-0: Foul Ball, location: 2F 2-1: Ball 3-1: Base on Balls
|
|
Batting: SHB Mike Hennessy
|
0-0: Ball 1-0: Swinging Strike 1-1: Ball 2-1: Foul Ball, location: 2F 2-2: Foul Ball, location: 2F 2-2: Ball 3-2: Fly out, F2 (Popup, 2LF, EV 90.0 MPH)
|
|
Batting: RHB Rodney Hudson
|
0-0: Swinging Strike 0-1: Ball 1-1: Ball 2-1: Foul Ball, location: 2F 2-2: SINGLE (Line Drive, 34D, EV 108.8 MPH) Eddie Lee to second
|
|
Batting: RHB Timothy Presko
|
0-0: Foul Ball, location: 2F 0-1: Ball 1-1: Bunt missed! 1-2: Fielders Choice at 2nd, 1-6 (Groundball, 34S, EV 85.0 MPH) Eddie Lee to third
|
|
Pinch Hitting: LHB Mike Ashman
|
0-0: Foul Ball, location: 2F 0-1: Ball 1-1: Fielders Choice at 2nd, U6 (Groundball, 6M, EV 84.4 MPH)
|
| Top of the 9th over - 0 runs, 1 hit, 0 errors, 2 left on base; Stockton 2 - Fresno 2 |
| BOTTOM OF THE 9TH |
|
Fresno Grizzlies batting - Pitching for Stockton Ports : RHP Bryn Smith
|
|
Pitching: RHP Miguel Monrroy
|
|
|
Now in LF: John Zisk
|
|
|
Batting: RHB Clifton Wilder
|
0-0: Ball 1-0: Called Strike 1-1: Ground out 1-3 (Groundball, 13S, EV 75.0 MPH)
|
|
Pinch Hitting: LHB Ron Oddo
|
0-0: Ball 1-0: Foul Ball, location: 2F 1-1: Fly out, F8 (Flyball, 89M, EV 79.4 MPH)
|
|
Batting: LHB Jose Rivera
|
0-0: Foul Ball, location: 2F 0-1: Ball 1-1: Ball 2-1: Ground out 5-3 (Groundball, 56, EV 84.4 MPH)
|
| Bottom of the 9th over - 0 runs, 0 hits, 0 errors, 0 left on base; Stockton 2 - Fresno 2 |
| TOP OF THE 10TH |
|
Stockton Ports batting - Pitching for Fresno Grizzlies : RHP Chuck McKinney
|
|
Now at SS: Manuel McDonald
|
|
|
Batting: RHB Ramon Valdez
|
0-0: Called Strike 0-1: Foul Ball, location: 2F 0-2: SINGLE (Flyball, 3D, EV 80.6 MPH)
|
|
Batting: RHB Pasquale Raimondo
|
0-0: Ball 1-0: Fly out, F7 (Flyball, 7, EV 85.6 MPH)
|
|
Batting: RHB Mark Jurena
|
0-0: Ball Ramon Valdez steals 2nd base 1-0: Intentional Walk
|
|
Batting: SHB Pete Leppert
|
0-0: Called Strike 0-1: Swinging Strike 0-2: Ball 1-2: Ball 2-2: SINGLE (Groundball, 34D, EV 95.6 MPH) Ramon Valdez to third Mark Jurena to second Runner from 3rd tries for Home, SAFE, no throw by RF
|
|
Batting: RHB Eddie Lee
|
0-0: Fielders Choice at 2nd, 3-6 (Groundball, 3, EV 90.6 MPH) Mark Jurena to third
|
|
Batting: SHB Mike Hennessy
|
0-0: Ball 1-0: Swinging Strike 1-1: Ball 2-1: Fly out, F8 (Flyball, 8RM, EV 90.0 MPH)
|
| Top of the 10th over - 1 run, 2 hits, 0 errors, 2 left on base; Stockton 3 - Fresno 2 |
| BOTTOM OF THE 10TH |
|
Fresno Grizzlies batting - Pitching for Stockton Ports : RHP Miguel Monrroy
|
|
Now at 1B: Randy Guerra
|
|
|
Batting: SHB Steve Jeltz
|
0-0: Fly out, F3 (Popup, 34S, EV 81.3 MPH)
|
|
Pinch Hitting: SHB Jeffery Gossett
|
0-0: Ball 1-0: Fly out, F8 (Line Drive, 8LD, EV 95.0 MPH)
|
|
Batting: RHB Chris Fernandez
|
0-0: Ball 1-0: Ground out 4-3 (Groundball, 4M, EV 93.8 MPH)
|
| Bottom of the 10th over - 0 runs, 0 hits, 0 errors, 0 left on base; Stockton 3 - Fresno 2 |
|